cohdb
Replays
Latest Replays
All Replays
Popular Replays
Top Player Replays
Match Explorer
How It Works
Community
CoH3 Stats
Reddit
Sign in to upload your games and track your stats! →
Sign in with Steam
Match 42755837
Unlisted
Match 42755837
Overview
Messages
Build Orders
End
Panzergrenadier Squad
Kradschützen Motorcycle Team
Selects Italian Combined Arms Battlegroup
Panzergrenadier Squad
Construct Light Support Kompanie
Fire Support Elements
Flakvierling Half-track
250 Light Carrier
2.5-tonne Medical Truck
Selects Semovente da 75/18 Assault Gun
Construct Mechanized Kompanie
Combat Half-tracks
Vehicle Survival Package
254 Reconnaissance Tractor
Selects Strafing Run
Marder III Tank Destroyer
Emergency Repair Kits
Construct Panzerarmee Kommand
Selects Pact of Steel
Jarkke
Setti-Veke
ViiKumi
Kobas
moon star-TR
EGIPOP
0
0
Comments
sign in to comment!
No comments posted yet!